 Dungeon Crawl Stone Soup version 0.22-a0-377-g846bec1 (webtiles) character file.

39 iamserjio the Firebug (level 3, 2/24 HPs)
             Began as a Demonspawn Fire Elementalist on Apr 27, 2018.
             Quit the game on level 2 of the Dungeon.
             The game lasted 00:04:03 (1543 turns).

iamserjio the Firebug (DsFE)                        Turns: 1543, Time: 00:04:03

Health: 2/24       AC:  2    Str:  8    XL:     3   Next: 26%
Magic:  6/6        EV: 12    Int: 22    God:
Gold:   33         SH:  0    Dex: 13    Spells: 6/7 levels left

rFire    . . .     SeeInvis .   l - +0 spear
rCold    . . .     Gourm    .   (no shield)
rNeg     . . .     Faith    .   a - +0 robe
rPois    .         Spirit   .   (no helmet)
rElec    .         Reflect  .   (no cloak)
rCorr    .         Harm     .   (no gloves)
MR       .....                  (no boots)
Stlth    ++........             (no amulet)
HPRegen  0.08/turn              (no ring)
MPRegen  0.10/turn              (no ring)

@: brilliant, lethally poisoned (2 -> -3), very slightly contaminated, invisible
A: hooves 1
a: no special abilities


You were on level 2 of the Dungeon.
You were not hungry.

You visited 1 branch of the dungeon, and saw 2 of its levels.

You collected 33 gold pieces.

Inventory:

Hand Weapons
 j - a +0 club
 l - a +0 spear (weapon)
Armour
 a - a +0 robe (worn)
 f - a cursed +0 ring mail
Scrolls
 b - 2 scrolls of random uselessness {unknown}
 g - a scroll of identify {unknown}
 h - 3 scrolls of remove curse {unknown}
 i - 2 scrolls of teleportation {unknown}
Potions
 d - a potion of magic
 e - a potion of brilliance
Comestibles
 c - 3 rations
 m - 2 chunks of flesh


   Skills:
 - Level 1.7 Dodging
 - Level 1.7 Stealth
 + Level 2.6 Spellcasting
 + Level 2.0 Conjurations
 + Level 3.1 Fire Magic


You had 6 spell levels left.
You knew the following spells:

 Your Spells              Type           Power        Failure   Level  Hunger
a - Flame Tongue          Conj/Fire      ####.        1%          1    None


Dungeon Overview and Level Annotations

Branches:
Dungeon (2/15)

Altars:


Innate Abilities, Weirdness & Mutations

You have large cloven feet.


Message History

You feel sick. The adder bites you.
You barely miss the adder.
The adder is severely wounded.
You feel sick. The adder bites you.
* * * LOW HITPOINT WARNING * * *
The adder bites you.
* * * LOW HITPOINT WARNING * * *
It was a potion of magic.
Magic courses through your body. The adder bites you.
* * * LOW HITPOINT WARNING * * *
It was a potion of brilliance.
You feel clever all of a sudden.
* * * LOW HITPOINT WARNING * * *
You feel sick. The adder barely misses you.
It was a potion of invisibility.
You fade into invisibility!
The adder closely misses you.
The goblin throws a stone.
The stone hits the adder.
The adder barely misses you.
Quiver which item? (- for none, * to show all) (? for menu, Esc to quit)
Okay, then.
Are you sure you want to abandon this character and quit the game? (Confirm with "yes".)

################.#####..
... #.# ... #.#
#######.# #.......#
#.......# # #......##
#####.#.#
#......####...#.#.#
#......@Sg........
#......##b....#.###
#......##.........#
##########....##..#
#.(..# #....#
#..........
.......8...8.
####......#...


You could see an adder, a goblin and a bat.

Vanquished Creatures
  An adder (D:2)
  2 dart slugs
  A leopard gecko (D:1)
  5 goblins (D:1)
  A hobgoblin (D:1)
  10 bats
  2 frilled lizards (D:1)
  4 kobolds (D:1)
  4 rats
30 creatures vanquished.

Notes
Turn   | Place    | Note
-------+----------+-------------------------------------------
     0 | D:1      | iamserjio the Demonspawn Fire Elementalist began the quest for the Orb.
     0 | D:1      | Reached XP level 1. HP: 13/13 MP: 3/3
   311 | D:1      | Gained mutation: You have large cloven feet. [demonic ancestry]
   311 | D:1      | Reached XP level 2. HP: 19/19 MP: 3/5
   602 | D:1      | Reached skill level 3 in Fire Magic
  1456 | D:2      | Reached XP level 3. HP: 24/24 MP: 6/6
  1543 | D:2      | Quit the game

Vault maps used:
D:1:      dpeg_arrival_long_road
D:2:      nicolae_dithmenos_through_a_glass_darkly, lemuel_doored_altar,
          first_ration, minmay_misc_feat_four_crosses, uniq_natasha

Skill      XL: |  1  2  3 |
---------------+----------+-----
Fire Magic     | 3 |  3.1
Conjurations   | 2 |  2.0
Dodging        | |  1.7
Stealth        | |  1.7
Spellcasting   | |  2.6

Action                   || total
-------------------------++-------
Melee: Unarmed           ||     1
       Spear             ||    34
       Kick              ||     6
 Cast: Flame Tongue      ||    41
  Use: Potion            ||     3
 Stab: Sleeping          ||     1
  Eat: Chunk             ||     2
Armor: Robe              ||    12
Dodge: Dodged            ||    28

Table legend:
 A = Spawn XP
 B = Non-spawn XP
 C = Spawn XP percentage of total XP
 D = Spawn monster count
 E = Non-spawn monster count
 F = Spawn count percentage of total count
 G = Total turns spent on level
                    A         B        C        D         E        F      G
               +---------+---------+-------+---------+---------+-------+---------
         Total |       0 |      56 |   0.0 |       0 |      30 |   0.0 |  1543
               +---------+---------+-------+---------+---------+-------+---------
           D:1 |       0 |      34 |   0.0 |       0 |      23 |   0.0 |  1299
           D:2 |       0 |      22 |   0.0 |       0 |       7 |   0.0 |   244
               +---------+---------+-------+---------+---------+-------+---------
